 Dungeon Crawl Stone Soup version 0.30.0-29-ga12c61a403 (webtiles) character file.

Game seed: 15724342971006716965

7819 Peloso the Carver (level 11, -3/97 HPs)
             Began as a Minotaur Fighter on June 21, 2023.
             Was an Elder of Okawaru.
             Slain by a death knight
             ... wielding a +0 broad axe
              (16 damage)
             ... on level 11 of the Dungeon.
             The game lasted 00:16:51 (10872 turns).

Peloso the Carver (Minotaur Fighter)               Turns: 10872, Time: 00:16:52

Health: -3/97      AC: 16    Str: 29    XL:     11   Next: 1%
Magic:  9/10       EV: 11    Int: 10    God:    Okawaru [****..]
Gold:   642        SH:  6    Dex: 12    Spells: 10/10 levels left

rFire   . . .        a - +4 long sword (freeze)
rCold   . . .        d - +0 buckler
rNeg    . . .        u - +0 chain mail "Ifryutelo" {Int+5 Slay+3}
rPois   .            (helmet restricted)
rElec   .            z - +1 cloak
rCorr   .            (no gloves)
SInv    .            c - +0 pair of boots
Will    +....        (no amulet) Stlth
                     s - ring of willpower
HPRegen 0.36/turn    J - +6 ring of strength
MPRegen 0.12/turn

%: no passive effects
@: no status effects
A: horns 2, retaliatory headbutt
a: Renounce Religion, Heroism, Finesse


You were on level 11 of the Dungeon.
You worshipped Okawaru.
Okawaru was greatly pleased with you.
You visited 2 branches of the dungeon, and saw 12 of its levels.

You collected 847 gold pieces.
You spent 205 gold pieces at shops.

Inventory:

Hand Weapons
 a - a +4 long sword of freezing (weapon)
 b - a +3 long sword
Armour
 c - a +0 pair of boots (worn)
 d - a +0 buckler (worn)
 u - the +0 chain mail "Ifryutelo" (worn) {Int+5 Slay+3}
   (You bought it in a shop on level 1 of the Dungeon)

   Int:       It affects your intelligence (+5).
   Slay:      It affects your accuracy & damage with ranged weapons and melee
   (+3).
 z - a +1 cloak (worn)
Jewellery
 s - a ring of willpower (left hand)
 B - a ring of flight
 I - an amulet of the acrobat
 J - a +6 ring of strength (right hand)
Wands
 x - a wand of paralysis (9)
 y - a wand of digging (4)
 F - a wand of polymorph (8)
 H - a wand of flame (12)
Scrolls
 e - 3 scrolls of noise
 f - 2 scrolls of teleportation {unknown}
 g - a scroll of brand weapon {unknown}
 h - 3 scrolls of immolation {unknown}
 j - 2 scrolls of butterflies {unknown}
 l - 5 scrolls of identify {unknown}
 m - 7 scrolls of poison
 o - 2 scrolls of enchant armour {unknown}
 r - a scroll of enchant weapon {unknown}
 D - 2 scrolls of fog {unknown}
 E - a scroll of fear {unknown}
 G - a scroll of blinking {unknown}
 N - a scroll of acquirement {unknown}
Potions
 i - 4 potions of might
 k - 5 potions of curing
 n - a potion of experience {unknown}
 p - 3 potions of heal wounds {unknown}
 q - 3 potions of degeneration {unknown}
 t - a potion of magic {unknown}
 v - 2 potions of flight {unknown}
 w - 5 potions of lignification {unknown}
 A - 3 potions of resistance {unknown}
 C - a potion of ambrosia {unknown}
 K - 2 potions of mutation {unknown}
 L - 3 potions of cancellation {unknown}
 M - a potion of invisibility {unknown}


   Skills:
 + Level 9.2 Fighting
 + Level 12.5 Long Blades
 + Level 11.3 Armour
 + Level 4.7 Dodging
 + Level 1.1 Stealth
 + Level 7.6 Shields
 + Level 0.2 Invocations


You had 10 spell levels left.
You didn't know any spells.
Your spell library contained the following spells:

 Spells                   Type           Power      Damage    Failure   Level
 Freeze                   Ice            0%         1d3       80%         1
 Sting                    Tmut/Pois      0%         1d3       80%         1
 Cigotuvi's Dreadful Rot  Necr/Pois/Air  0%         N/A       91%         2
 Scorch                   Fire           0%         2d5       91%         2
 Sublimation of Blood     Necr           0%         N/A       91%         2
 Frozen Ramparts          Ice            0%         1d1       99%         3
 Hailstorm                Conj/Ice       0%         3d3       99%         3
 Ignite Poison            Fire/Tmut/Pois 0%         N/A       99%         3
 Spider Form              Tmut/Pois      0%         N/A       99%         3
 Flame Wave               Conj/Fire      0%         2d4       100%        4
 Petrify                  Tmut/Erth      0%         N/A       100%        4
 Freezing Cloud           Conj/Ice/Air   0%         6-21      100%        5
 Irradiate                Conj/Tmut      0%         3d11      100%        5
 Summon Cactus Giant      Summ           Unusable   N/A       N/A         6

Dungeon Overview and Level Annotations

Branches:
Dungeon (11/15)            Temple (1/1) D:6
   Lair: D:8-11         Orc: D:9-12

Altars:
Ashenzari
Cheibriados
Dithmenos
Elyvilon
Fedhas
Gozag
Hepliaklqana
Kikubaaqudgha
Makhleb
Nemelex Xobeh
Okawaru
Qazlal
Ru
Sif Muna
Trog
Uskayaw
Vehumet
Wu Jian
Xom
Yredelemnul
Zin
The Shining One

Shops:
D:1 *   D:3 [   D:6 [

Annotations:
D:7 3 runed translucent doors, H0rd4k's ghost, novice HuAr; Zazubon's ghost, novice TrGl
Temple 2 transporters


Innate Abilities, Weirdness & Mutations

You have a pair of horns on your head.
You reflexively headbutt those who attack you in melee.


Message History

You start resting.
HP restored.
You start waiting.
Done waiting.
You start waiting.
Done waiting.
You gain the combat prowess of a mighty hero.
You climb downwards.
There is a stone staircase leading up here.
The death knight hits you with a +0 broad axe!
You slash the death knight! You freeze the death knight.
The death knight is lightly wounded.
The death knight hits you with a +0 broad axe!!
You slash the death knight! You freeze the death knight.
You headbutt the death knight!
The death knight is heavily wounded.
You hit the death knight but do no damage.
You headbutt the death knight, but do no damage.
The death knight is heavily wounded.
The death knight hits you with a +0 broad axe!!
You slash the death knight! You freeze the death knight.
The death knight is severely wounded.
The death knight hits you with a +0 broad axe!
* * * LOW HITPOINT WARNING * * *
You hit the death knight. You freeze the death knight.
The death knight is severely wounded.
The death knight hits you with a +0 broad axe!
* * * LOW HITPOINT WARNING * * *
You hit the death knight. You freeze the death knight.
You headbutt the death knight, but do no damage.
The death knight is severely wounded.
Okay, then.
You barely miss the death knight. You headbutt the death knight!
The death knight is almost dead.
You feel like a meek peon again. The death knight barely misses you.
You hit the death knight but do no damage.
The death knight is almost dead.
The death knight hits you with a +0 broad axe!
You die...

... #..
...#####.#
.......#
......# #....#
#....#
#..<.###
#......#
#..@...#
#..p...####
#.........#
#........##
#####........#
.............#
.............#
.............#
......./.....#


You could see a death knight.

Vanquished Creatures
  A two-headed ogre (D:8)
  A komodo dragon (D:9)
  2 trolls
  A hornet (D:10)
  Prince Ribbit (D:6)
  Sigmund (D:2)
  7 yaks
  3 steam dragons
  4 vampire mosquitoes (D:10)
  3 water moccasins
  A black bear (D:6)
  2 orc warriors (D:9)
  A sky beast (D:7)
  3 ice beasts
  2 ogres
  3 centaurs
  2 phantoms (D:6)
  5 bullfrogs
  A scorpion (D:6)
  A gnoll sergeant (D:10)
  13 wights
  3 killer bees (D:9)
  5 howler monkeys
  2 jellies (D:6)
  3 hounds
  5 orc priests
  2 gnoll boudas
  Jessica (D:2)
  4 iguanas
  Natasha (thrice) (D:2)
  10 orc wizards
  Robin (D:2)
  17 gnolls
  5 adders
  A white imp (D:5)
  An ufetubus (D:5)
  3 worms
  4 dart slugs
  33 orcs
  2 ball pythons
  7 bats
  3 endoplasms
  A giant cockroach (D:3)
  24 goblins
  6 hobgoblins
  4 quokkas
  A frilled lizard (D:2)
  10 kobolds
  2 rats
221 creatures vanquished.

Vanquished Creatures (others)
  An orc wizard (D:7)
1 creature vanquished.

Grand Total: 222 creatures vanquished

Notes
Turn   | Place    | Note
-------+----------+-------------------------------------------
     0 | D:1      | Peloso the Minotaur Fighter began the quest for the Orb.
     0 | D:1      | Reached XP level 1. HP: 19/19 MP: 0/0
   125 | D:1      | Reached XP level 2. HP: 27/27 MP: 1/1
   524 | D:1      | Found Castre's Assorted Antiques.
   734 | D:2      | Reached skill level 3 in Long Blades
   737 | D:2      | Reached XP level 3. HP: 29/33 MP: 2/2
   776 | D:2      | Noticed Robin
   842 | D:2      | Killed Robin
   875 | D:2      | Noticed Sigmund
  1040 | D:2      | Noticed Natasha
  1049 | D:2      | Killed Natasha
  1050 | D:2      | Reached XP level 4. HP: 18/41 MP: 3/3
  1297 | D:3      | Found an opulent altar of Gozag.
  1464 | D:3      | Reached skill level 1 in Dodging
  1504 | D:3      | Found Anlasula's Antique Armour Shop.
  1792 | D:4      | Reached skill level 4 in Long Blades
  1858 | D:4      | Reached XP level 5. HP: 39/47 MP: 4/4
  2116 | D:4      | Found a broken altar of Ashenzari.
  2118 | D:4      | Found a white marble altar of Elyvilon.
  2143 | D:4      | Noticed an ice beast
  2157 | D:4      | Killed an ice beast
  2158 | D:4      | Reached skill level 5 in Fighting
  2179 | D:4      | Reached XP level 6. HP: 43/56 MP: 5/5
  2306 | D:4      | Reached skill level 5 in Long Blades
  2729 | D:1      | Bought a heavily runed chain mail for 171 gold pieces
  2729 | D:1      | Identified the +0 chain mail "Ifryutelo" {Int+5 Slay+3}
                  | (You bought it in a shop on level 1 of the Dungeon)
  2741 | D:1      | Bought a scroll labelled YMIGHEPNOXT for 18 gold pieces
  2741 | D:1      | Bought a grey potion for 16 gold pieces
  2868 | D:2      | Killed Sigmund
  2869 | D:2      | Reached skill level 5 in Armour
  2975 | D:2      | Got Kithral's Discourse on the Body
  3020 | D:2      | Noticed Natasha
  3022 | D:2      | Reached XP level 7. HP: 61/61 MP: 6/6
  3023 | D:2      | Found a white marble altar of Elyvilon.
  3026 | D:2      | Killed Natasha
  3146 | D:2      | Noticed Jessica
  3154 | D:2      | Killed Jessica
  3155 | D:2      | Reached skill level 6 in Long Blades
  3221 | D:2      | Noticed Natasha
  3229 | D:2      | Killed Natasha
  3421 | D:5      | Entered Level 5 of the Dungeon
  3439 | D:5      | Reached skill level 5 in Shields
  3553 | D:5      | Found a shimmering altar of Xom.
  4021 | D:5      | Found a shimmering blue altar of Sif Muna.
  4034 | D:5      | Reached skill level 7 in Long Blades
  4197 | D:6      | Found Kik Muji's Armour Shop.
  4318 | D:6      | Identified the +2 whip of the Reaper {venom, Stlth+}
  4336 | D:6      | Reached XP level 8. HP: 57/70 MP: 7/7
  4394 | D:6      | Noticed a troll
  4405 | D:6      | Killed a troll
  4406 | D:6      | Reached skill level 8 in Long Blades
  4661 | D:6      | Found a staircase to the Ecumenical Temple.
  4692 | Temple   | Entered the Ecumenical Temple
  4692 | Temple   | Found a transporter.
  4692 | Temple   | Found a transporter.
  4694 | Temple   | Found a transporter.
  4694 | Temple   | Found a transporter.
  4712 | Temple   | Became a worshipper of Warmaster Okawaru
  4966 | D:6      | Noticed Prince Ribbit
  4984 | D:6      | Found a basalt altar of Yredelemnul.
  5008 | D:6      | Killed Prince Ribbit
  5009 | D:6      | Reached skill level 9 in Long Blades
  5009 | D:6      | Reached XP level 9. HP: 32/79 MP: 8/8
  5305 | D:6      | Found a glowing silver altar of Zin.
  5421 | D:6      | Found a stormy altar of Qazlal.
  5742 | D:7      | Reached * piety under Okawaru
  5979 | D:7      | Reached skill level 10 in Long Blades
  6195 | D:7      | Found an ornate altar of the Wu Jian Council.
  6782 | D:7      | Found a blossoming altar of Fedhas.
  6837 | D:7      | Found a runed translucent gate.
  6838 | D:7      | Found a runed translucent gate.
  6838 | D:7      | Found a runed translucent gate.
  6839 | D:7      | Noticed Zazubon's ghost (novice TrGl)
  6839 | D:7      | Noticed H0rd4k's ghost (novice HuAr)
  7429 | D:7      | Reached ** piety under Okawaru
  7778 | D:8      | Reached skill level 10 in Armour
  7778 | D:8      | Reached XP level 10. HP: 79/86 MP: 9/9
  8214 | D:8      | Reached skill level 11 in Long Blades
  8214 | D:8      | Reached skill level 1 in Stealth
  8425 | D:8      | Noticed a two-headed ogre
  8431 | D:8      | Killed a two-headed ogre
  8431 | D:8      | Reached *** piety under Okawaru
  9318 | D:9      | Reached skill level 12 in Long Blades
  9786 | D:10     | Entered Level 10 of the Dungeon
  9967 | D:10     | Reached **** piety under Okawaru
 10282 | D:10     | Reached XP level 11. HP: 86/97 MP: 10/10
 10418 | D:10     | Found a snail-covered altar of Cheibriados.
 10520 | D:11     | Noticed a death knight
 10872 | D:11     | Slain by a death knight

Illustrated notes

Levels and vault maps discovered:
D:1:      minmay_arrival_open_corners, layout_basic, serial_shops, shop,
          chequers_arboretum
D:2:      layout_rooms, basic_altar, uniq_sigmund, uniq_robin, uniq_natasha,
          uniq_jessica
D:3:      layout_rooms, nicolae_gozag_cash_rules_everything_around_me,
          serial_shops, shop
D:4:      layout_basic, chequers_temple_overflow_statue_of_worship
D:5:      layout_rooms, mainiacjoe_overflow_cross_hatched,
          mainiacjoe_overflow_six_doors_small
D:6:      layout_cave_pods, amcnicky_altar_gilded,
          mainiacjoe_overflow_boulevard, mainiacjoe_overflow_alcove_2,
          minmay_temple_entry_overgrown, serial_shops, shop, uniq_prince_ribbit1
D:7:      layout_loops_corners, mainiacjoe_overflow_small_starburst,
          nicolae_wu_jian_immortal_techniques, gammafunk_ghost_cemetery,
          serial_co_window_serial, co_window_paths_b, co_window_paths_b,
          co_window_paths_b, co_window_of_opportunity_a, co_window_corner_a,
          co_window_corner_ca, co_window_paths_c, co_window_unsneaky_path_b,
          co_window_broadway_b, co_window_cross_3, co_window_4corner_b,
          glass_columns_b, glass_columns_c, glass_columns_b, glass_columns_a,
          glass_columns_c
D:8:      layout_gridville, st_stairs_12
D:9:      layout_basic, nicolae_concentric_dashed_squares_mild
D:10:     layout_roguey, cheibrodos_worm_habitat
D:11:     layout_irregular_city, erik_lair_orcish_takeover, uniq_gastronok
Temple:   hellmonk_temple_divided_pantheon

Skill      XL: |  1  2  3  4  5  6  7  8  9 10 |
---------------+-------------------------------+-----
Armour         | 4 5 6 8 10 11 | 11.3
Fighting       | 4 5 6 7 8 9 |  9.2
Long Blades    | 3 4 5 7 9 10 12 | 12.5
Shields        | 4 5 6 7 |  7.6
Dodging        | 1 2 3 4 |  4.7
Stealth        | 1 |  1.1
Invocations    | |  0.2

Action                     |  1- 3 |  4- 6 |  7- 9 | 10-12 || total
---------------------------+-------+-------+-------+-------++-------
  Melee: Long sword        |    83 |   119 |   273 |   163 ||   638
         Headbutt          |    10 |    23 |    51 |    32 ||   116
 Invoke: Heroism           |       |       |       |     3 ||     3
    Use: Potion            |     1 |       |     4 |       ||     5
         Scroll            |       |     1 |       |     2 ||     3
 Armour: Scale mail        |    55 |    42 |       |       ||    97
         Chain mail        |       |    10 |   141 |    77 ||   228
  Dodge: Dodged            |    48 |    41 |   105 |    60 ||   254
  Block: Buckler           |    28 |    26 |    72 |    38 ||   164
